 Dungeon Crawl Stone Soup version 0.30.0-13-g156ef70053 (webtiles) character file.

Game seed: 6862222631304461848

604 Pimp the Conjurer (level 7, -1/42 HPs)
             Began as a Tengu Reaver on May 17, 2023.
             Was an Initiate of Okawaru.
             Slain by a hound (4 damage)
             ... on level 5 of the Dungeon.
             The game lasted 00:05:49 (3534 turns).

Pimp the Conjurer (Tengu Reaver)                    Turns: 3534, Time: 00:05:49

Health: -1/42      AC:  4    Str: 12    XL:     7   Next: 42%
Magic:  13/13      EV: 16    Int: 13    God:    Okawaru [......]
Gold:   158        SH:  0    Dex: 21    Spells: 12/13 levels left

rFire   . . .        a - +2 falchion (freeze)
rCold   . . .        (no shield)
rNeg    . . .        b - +1 leather armour
rPois   .            (helmet restricted)
rElec   .            (no cloak)
rCorr   .            (no gloves)
SInv    .            (boots unavailable)
Will    .....        (no amulet)
Stlth   ++           f - +6 ring of dexterity
HPRegen 0.27/turn    (no ring)
MPRegen 0.13/turn

%: no passive effects
@: flying quickly and evasively, hasted, very quick
A: beak, talons 3, nimble flight
a: Renounce Religion


You were on level 5 of the Dungeon.
You worshipped Okawaru.
Okawaru was noncommittal.
You visited 2 branches of the dungeon, and saw 6 of its levels.

You collected 158 gold pieces.

Inventory:

Hand Weapons
 a - a +2 falchion of freezing (weapon)
Armour
 b - a +1 leather armour (worn)
Jewellery
 f - a +6 ring of dexterity (left hand)
Scrolls
 c - 2 scrolls of teleportation
Potions
 d - a potion of invisibility {unknown}
 g - a potion of curing
 h - a potion of attraction {unknown}
 i - a potion of might {unknown}
 j - 2 potions of mutation {unknown}
 k - 3 potions of flight
 l - a potion of lignification {unknown}


   Skills:
 + Level 3.9 Fighting
 + Level 5.0 Long Blades
 + Level 4.2 Dodging
 + Level 3.7 Spellcasting
 + Level 6.0 Conjurations


You had 12 spell levels left.
You knew the following spells:

 Your Spells              Type           Power      Damage    Failure   Level
a - Kiss of Death         Conj/Necr      40%        2d8       8%          1

Your spell library contained the following spells:

 Spells                   Type           Power      Damage    Failure   Level
 Momentum Strike          Conj/Tloc      20%        3d8       12%         2
 Hailstorm                Conj/Ice       10%        3d5       24%         3
 Inner Flame              Hex/Fire       2%         N/A       63%         3
 Vhi's Electric Charge    Tloc/Air       4%         N/A       63%         3
 Arcjolt                  Conj/Air       5%         1d15      91%         5
 Cause Fear               Hex            1%         N/A       95%         4
 Yara's Violent Unravell  Hex/Tmut       1%         3d3       100%        5
 Plasma Beam              Fire/Air       1%         2x1d12    100%        6
 Dragon Form              Tmut           1%         N/A       100%        7
 Enfeeble                 Hex            1%         N/A       100%        7
 Dragon's Call            Summ           Unusable   N/A       N/A         9

Dungeon Overview and Level Annotations

Branches:
Dungeon (5/15)             Temple (1/1) D:4

Altars:
Dithmenos
Gozag
Kikubaaqudgha
Makhleb
Okawaru
Ru
Sif Muna
Trog
Xom
Yredelemnul
Zin
The Shining One


Innate Abilities, Weirdness & Mutations

You have a beak for a mouth.
You have claws for feet.
Your magical nature lets you fly swiftly and evasively.


Message History

You are too injured to fight recklessly!
You are too injured to fight recklessly!
It was a potion of haste.
You feel yourself speed up.
A hound comes into view.
The ice beast closely misses you.
You feel better.
The hound barks!
You barely miss the ice beast. You claw the ice beast. You peck the ice beast.
The ice beast is severely wounded.
The ice beast hits you. The ice beast freezes you!
* * * LOW HITPOINT WARNING * * *
You barely miss the ice beast.
You peck the ice beast, but do no damage.
The ice beast is severely wounded.
The ice beast barely misses you.
You hit the ice beast but do no damage. Your kick misses the ice beast.
The ice beast is severely wounded.
You hit the ice beast but do no damage. You claw the ice beast.
Your peck misses the ice beast.
The ice beast is almost dead.
The ice beast misses you.
You slash the ice beast!
You kill the ice beast!
Okawaru accepts your kill.
The hound pauses to sniff the ground.
The hound bites you but does no damage.
Your Long Blades skill increases to level 5!
Your Conjurations skill increases to level 6!
You hit the dart slug but do no damage. You peck the dart slug.
The dart slug is moderately wounded.
The hound bites you.
* * * LOW HITPOINT WARNING * * *
You slash the dart slug! You freeze the dart slug.
You kill the dart slug!
Okawaru accepts your kill. The hound completely misses you.
You hit the hound. You freeze the hound. Your kick misses the hound.
The hound is heavily wounded.
The hound bites you.
You die...

... ## .... ...
#.#... .. ....
.....# ..#
#....#.#.. ##..##
.....#...##.#....
....>......?.....
#....#........
#?..<#..#.....
#....##..@h......
....(....#.......
#........##......
......... ......
.......... .....
.....?.### .....
.##..... ....
##... ....


You could see a hound.

Vanquished Creatures
  Sigmund (D:3)
  An ice beast (D:5)
  A scorpion (D:4)
  A jelly (D:4)
  An orc priest (D:4)
  An iguana (D:4)
  3 gnolls (D:4)
  10 adders
  7 dart slugs
  7 orcs
  9 ball pythons
  2 bats (D:1)
  6 endoplasms
  3 giant cockroaches
  5 goblins
  6 hobgoblins
  3 quokkas (D:1)
  4 frilled lizards
  10 kobolds
  6 rats
87 creatures vanquished.

Notes
Turn   | Place    | Note
-------+----------+-------------------------------------------
     0 | D:1      | Pimp the Tengu Reaver began the quest for the Orb.
     0 | D:1      | Reached XP level 1. HP: 12/12 MP: 4/4
   154 | D:1      | Reached XP level 2. HP: 10/17 MP: 6/6
   815 | D:2      | Reached XP level 3. HP: 21/21 MP: 7/7
  1416 | D:2      | Reached XP level 4. HP: 27/27 MP: 8/8
  2047 | D:3      | Gained mutation: Your magical nature lets you fly swiftly
                  | and evasively. [Tengu growth]
  2047 | D:3      | Reached XP level 5. HP: 31/31 MP: 10/10
  2078 | D:3      | Noticed Sigmund
  2086 | D:3      | Killed Sigmund
  2087 | D:3      | Reached skill level 5 in Conjurations
  2087 | D:3      | Reached XP level 6. HP: 26/37 MP: 11/11
  2746 | D:4      | Identified a scroll of acquirement
  2746 | D:4      | Acquired a book of Lightning
  2792 | D:4      | Reached XP level 7. HP: 33/41 MP: 13/13
  3298 | D:4      | Found a staircase to the Ecumenical Temple.
  3346 | Temple   | Entered the Ecumenical Temple
  3403 | Temple   | Became a worshipper of Warmaster Okawaru
  3516 | D:5      | Entered Level 5 of the Dungeon
  3532 | D:5      | Reached skill level 5 in Long Blades
  3532 | D:5      | Reached skill level 6 in Conjurations
  3534 | D:5      | Slain by a hound

Illustrated notes

Levels and vault maps discovered:
D:1:      minmay_arrival_pointy, layout_loops_cross, nicolae_titane
D:2:      layout_basic, nicolae_kite_square_tiling_tiny, minmay_snake_closets
D:3:      layout_rooms, st_stairs_11, hex_tiny, hangedman_decor_points,
          minmay_misc_feat_pillars, kennysheep_generic_room_10, uniq_jessica,
          uniq_sigmund
D:4:      layout_loops_ring, temple_statues, corexii_checkpoint_a,
          nicolae_concentric_dashed_squares_wild
D:5:      layout_cave_pools
Temple:   compressed_dpeg_triangle_lava_temple

Skill      XL: |  1  2  3  4  5  6  7 |
---------------+----------------------+-----
Dodging        | 3 4 |  4.2
Long Blades    | 4 5 |  5.0
Fighting       | 3 |  3.9
Spellcasting   | 3 |  3.7
Conjurations   | 5 6 |  6.0

Action                     |  1- 3 |  4- 6 |  7- 9 || total
---------------------------+-------+-------+-------++-------
  Melee: Falchion          |    77 |    98 |    43 ||   218
         Peck              |    13 |    16 |    12 ||    41
         Kick              |    21 |    24 |    16 ||    61
         Punch             |     2 |     2 |       ||     4
    Use: Scroll            |       |    10 |     4 ||    14
         Potion            |       |       |     2 ||     2
   Stab: Sleeping          |     2 |     4 |     3 ||     9
 Armour: Leather armour    |    16 |    19 |     2 ||    37
  Dodge: Dodged            |    49 |    60 |    27 ||   136
